 Dungeon Crawl Stone Soup version 0.30-a0-793-g160f7cfddd (webtiles) character file.

Game seed: 15791264602237650262

3678 Ceno the Geomancer (level 10, -2/73 HPs)
             Began as a Formicid Earth Elementalist on Feb 20, 2023.
             Was a Believer of Zin.
             Slain by Psyche
             ... wielding a +2 dagger of chaos
              (4 damage)
             ... on level 8 of the Dungeon.
             The game lasted 00:25:27 (8035 turns).

Ceno the Geomancer (Formicid Earth Elementalist)    Turns: 8035, Time: 00:25:28

Health: -2/73      AC:  4    Str: 17    XL:     10   Next: 34%
Magic:  1/16       EV: 12    Int: 25    God:    Zin [**....]
Gold:   324        SH:  0    Dex: 16    Spells: 7/17 levels left

rFire   . . .      SeeInvis +    f - +0 dagger
rCold   . . .      Faith    .    (no shield)
rNeg    . . .      Spirit   .    a - +0 robe
rPois   ∞          Reflect  .    (helmet unavailable)
rElec   .          Harm     .    t - +0 cloak
rCorr   .          Rampage  .    (no gloves)
Will    +....                    m - +0 pair of boots
Stlth   +++                      (no amulet)
HPRegen 0.32/turn                A - +6 ring of intelligence
MPRegen 0.15/turn                (no ring)

@: vitalised, on recite cooldown
A: permanent stasis, dig shafts and tunnels, antennae 3, four strong arms
a: Dig, Shaft Self, Renounce Religion, Recite, Vitalisation, Donate Gold


You were on level 8 of the Dungeon.
You worshipped Zin.
Zin was pleased with you.
You visited 2 branches of the dungeon, and saw 10 of its levels.
You also visited: Bailey.

You collected 359 gold pieces.
You donated 35 gold pieces to Zin.

Inventory:

Hand Weapons
 f - a +0 dagger (weapon)
 C - the +7 hand axe "Goloy" {freeze, Drain +Blink rElec Dex+4}
   (You found it on level 8 of the Dungeon)

   Dex:       It affects your dexterity (+4).
   rElec:     It insulates you from electricity.
   +Blink:    It lets you blink.
   Drain:     It drains your maximum health when unequipped.
Missiles
 d - 61 stones (quivered)
 g - 15 poisoned darts
 F - 3 curare-tipped darts
Armour
 a - a +0 robe (worn)
 m - a +0 pair of boots (worn)
 t - a +0 cloak (worn)
Jewellery
 e - a ring of fire
 A - a +6 ring of intelligence (left hand)
Wands
 q - a wand of paralysis (5)
 E - a wand of flame (24)
 G - a wand of roots (12)
Scrolls
 c - a scroll of enchant armour {unknown}
 h - a scroll of enchant weapon {unknown}
 j - a scroll of fear
 k - a scroll of amnesia {unknown}
 n - a scroll of summoning
 o - a scroll of immolation {unknown}
 p - a scroll of silence {unknown}
 s - a scroll of brand weapon {unknown}
 y - a scroll of poison {unknown}
 z - a scroll of identify
Potions
 b - a potion of magic
 i - 3 potions of flight {unknown}
 l - a potion of resistance
 r - 2 potions of lignification
 u - 4 potions of curing
 v - a potion of heal wounds
 w - a potion of berserk rage {unknown}
 x - a potion of might {unknown}
 B - a potion of mutation {unknown}
 D - 2 potions of brilliance {unknown}


   Skills:
 + Level 4.5 Fighting
 - Level 1.7 Dodging
 - Level 5.0 Stealth
 - Level 4.0 Spellcasting
 - Level 5.0 Conjurations
 - Level 6.5 Transmutations
 + Level 9.3 Earth Magic
 + Level 5.1 Invocations
 - Level 5.0 Evocations


You had 7 spell levels left.
You knew the following spells:

 Your Spells              Type           Power      Damage    Failure   Level
a - Sandblast             Erth           100%       2d20      1%          1
b - Passwall              Tmut/Erth      36%        N/A       1%          2
c - Stone Arrow           Conj/Erth      80%        3d12      1%          3
d - Petrify               Tmut/Erth      44%        N/A       3%          4

Your spell library contained the following spells:

 Spells                   Type           Power      Damage    Failure   Level
 Apportation              Tloc           10%        N/A       9%          1
 Necrotise                Necr           20%        1d5       9%          1
 Summon Small Mammal      Summ           20%        N/A       9%          1
 Alistair's Intoxication  Tmut/Pois      14%        N/A       54%         5


Dungeon Overview and Level Annotations

Branches:
Dungeon (9/15)             Temple (1/1) D:7          Bailey (visited)
   Lair: D:8-11         Orc: D:9-12

Altars:
Dithmenos
Elyvilon
Gozag
Hepliaklqana
Kikubaaqudgha
Nemelex Xobeh
Okawaru
Qazlal
Trog
Wu Jian
Xom
Yredelemnul
Zin

Shops:
D:4 [   D:7 =

Annotations:
D:5 Dowan, Duvessa, Grinder
D:8 Psyche


Innate Abilities, Weirdness & Mutations

You cannot be hasted, slowed, berserked, paralysed or teleported.
You can dig through walls and to a lower floor.
You have a pair of large antennae on your head. (SInv)
Your four strong arms can wield two-handed weapons with a shield.


Message History

Your Invocations skill increases to level 5!
Casting: Stone Arrow (safe; 1% risk of failure)
Confirm with . or Enter, or press ? or * to list all spells.
Aiming: Stone Arrow (safe; 1% risk of failure)
Press: ? - help, Shift-Dir - straight line, f - Psyche
Aim: Psyche, wielding a +2 dagger of chaos and wearing a +0 robe (moderately wounded, 70% to hit)
The stone arrow hits Psyche!!
Psyche is severely wounded.
You are no longer poisoned.
Psyche hits you with a +2 dagger of chaos!
* * * LOW HITPOINT WARNING * * *
Psyche burns you.
* * * LOW HITPOINT WARNING * * *
Casting: Stone Arrow (safe; 1% risk of failure)
Confirm with . or Enter, or press ? or * to list all spells.
You don't have enough magic to cast this spell.
You hit Psyche.
Psyche is severely wounded.
Psyche closely misses you.
Psyche hits you with a +2 dagger of chaos.
* * * LOW HITPOINT WARNING * * *
You resist with almost no effort.
You hit Psyche but do no damage.
Psyche is severely wounded.
Psyche hits you with a +2 dagger of chaos.
* * * LOW HITPOINT WARNING * * *
Your stasis prevents you from being hasted.
You hit Psyche but do no damage.
Psyche is severely wounded.
Psyche barely misses you.
You hit Psyche but do no damage.
Psyche is severely wounded.
Psyche hits you with a +2 dagger of chaos.
Zin protects you from harm!
Psyche mumbles some strange words.
Psyche flickers and vanishes for a moment.
Psyche barely misses you. Psyche attacks as you move away!
Psyche hits you with a +2 dagger of chaos.
You die...

.'.............#
#######........#
#_..._##.......#
########
#≈#'#≈##.......#
#......#
###.############
#.####.# #.##.....#
#.# #.# ###.##.###.#
#.# #.#
..#..<.#...#########.#
#.#
........).......@@>#.#
#.#
#.####.....#######.#.#
#.# #.# ###.#.#
#####.#.# #.#
#.######.#.# #.......#
#.#
#........#.###.###.###
#.#
..########.......#.#
#.# #.#
#########.#.#.######.#
#.# #...#
#.#.#........# [.#
#...# #.#.#.########


You could see Psyche (invisible).

Vanquished Creatures
  Pikel (D:6)
  4 yaks
  2 wyverns (D:8)
  A steam dragon (D:7)
  A water moccasin (D:7)
  3 sky beasts
  A black bear (D:5)
  3 orc warriors
  2 ogres
  3 phantoms
  4 bullfrogs
  A kobold brigand (D:8)
  A necrophage (D:6)
  2 scorpions (D:4)
  4 howler monkeys
  3 hounds
  2 orc priests
  3 orc wizards (D:8)
  6 adders
  5 gnolls
  A shadow imp (D:7)
  2 white imps (D:7)
  A worm (D:2)
  2 dart slugs
  14 orcs
  4 endoplasms
  A giant cockroach (D:4)
  8 goblins
  12 hobgoblins
  10 kobolds
  5 quokkas
  6 ball pythons
  2 bats (D:1)
  3 frilled lizards
  7 rats
130 creatures vanquished.

Vanquished Creatures (others)
  2 fungi (D:2)
  4 plants (D:2)
6 creatures vanquished.

Grand Total: 136 creatures vanquished

Notes
Turn   | Place    | Note
-------+----------+-------------------------------------------
     0 | D:1      | Ceno the Formicid Earth Elementalist began the quest for
                  | the Orb.
     0 | D:1      | Reached XP level 1. HP: 13/13 MP: 3/3
   112 | D:1      | Reached XP level 2. HP: 19/19 MP: 3/5
   136 | D:1      | Learned a level 2 spell: Passwall
   508 | D:1      | You fall into a shaft and drop 1 floor!
   582 | D:1      | Reached XP level 3. HP: 24/24 MP: 3/6
   634 | D:1      | Learned a level 3 spell: Stone Arrow
  1193 | D:2      | Found an iron altar of Okawaru.
  1324 | D:2      | Reached skill level 5 in Stealth
  1324 | D:2      | Reached XP level 4. HP: 30/30 MP: 4/7
  1743 | D:2      | Found a faded altar of an unknown god.
  2348 | D:4      | Reached skill level 1 in Conjurations
  2348 | D:4      | Reached skill level 4 in Earth Magic
  2348 | D:4      | Reached XP level 5. HP: 35/35 MP: 5/9
  2493 | D:4      | Found Wiadoigg's Antique Armour Shop.
  2683 | D:4      | Reached XP level 6. HP: 41/41 MP: 7/11
  2976 | D:4      | Reached skill level 5 in Earth Magic
  3026 | D:4      | Noticed an ogre
  3028 | D:4      | Killed an ogre
  3029 | D:4      | Reached XP level 7. HP: 46/46 MP: 8/13
  3415 | D:5      | Entered Level 5 of the Dungeon
  3415 | D:5      | Noticed Duvessa
  3415 | D:5      | Noticed Dowan
  3583 | D:5      | Noticed Grinder
  3860 | D:5      | Found an ornate altar of the Wu Jian Council.
  3966 | D:5      | Reached XP level 8. HP: 46/52 MP: 10/14
  4021 | D:5      | Reached skill level 6 in Earth Magic
  4433 | D:6      | Reached skill level 5 in Conjurations
  4761 | D:7      | Reached skill level 1 in Evocations
  4833 | D:7      | Noticed Pikel
  4858 | D:6      | Killed Pikel
  4859 | D:6      | Reached skill level 7 in Earth Magic
  4859 | D:6      | Reached XP level 9. HP: 23/57 MP: 0/15
  5028 | D:7      | Found a staircase to the Ecumenical Temple.
  5038 | Temple   | Entered the Ecumenical Temple
  5043 | Temple   | Became a worshipper of Zin the Law-Giver
  5043 | Temple   | Reached * piety under Zin
  5091 | D:7      | Reached skill level 1 in Invocations
  5123 | D:7      | Reached skill level 1 in Fighting
  5341 | D:7      | Reached ** piety under Zin
  5601 | D:7      | Identified the +0 robe of Opatih {rElec SInv}
  5648 | D:7      | Reached skill level 8 in Earth Magic
  6090 | D:7      | Found Hokeug's Jewellery Boutique.
  6385 | D:8      | Reached XP level 10. HP: 70/70 MP: 13/16
  6483 | D:8      | Learned a level 4 spell: Petrify
  6483 | D:8      | Found a flagged portal.
  6489 | D:8      | Identified the +7 hand axe "Goloy" {freeze, Drain +Blink
                  | rElec Dex+4}
  6518 | Bailey   | Entered a bailey
  6523 | Bailey   | Noticed an orc warlord
  7047 | D:8      | Reached skill level 5 in Evocations
  7051 | D:8      | Reached skill level 9 in Earth Magic
  7526 | D:8      | Found a basalt altar of Yredelemnul.
  7526 | D:8      | Found a stormy altar of Qazlal.
  7822 | D:9      | Noticed Psyche
  8028 | D:8      | Reached skill level 5 in Invocations
  8029 | D:8      | HP: 2/73 [Psyche/+2 dagger of chaos (5)]
  8032 | D:8      | Zin protects you from harm!
  8035 | D:8      | Slain by Psyche

Illustrated notes

Levels and vault maps discovered:
D:1:      dpeg_arrival_tiny_d, layout_basic, serial_glass, glass_columns_a,
          glass_columns_c, glass_columns_a, glass_columns_a, glass_columns_a,
          glass_columns_b, glass_columns_a, glass_columns_c, glass_columns_a,
          glass_columns_c, glass_columns_b, glass_columns_b, glass_columns_b,
          glass_columns_b
D:2:      layout_rooms, basic_altar, dreamdust_ecumenical_altar_grove,
          minivault_27
D:3:      layout_rooms, amcnicky_mini_pool_small, kennysheep_generic_room_14
D:4:      layout_basic, serial_shops, shop_statue, serial_curves,
          eino_curves_01, eino_curves_04, eino_curves_03
D:5:      layout_cave_pools, kennysheep_mini, portal_sewer_entry_b,
          nicolae_zen_rock_garden, minmay_fractal_squares_5, uniq_grinder,
          uniq_duvessa
D:6:      layout_rooms
D:7:      layout_basic, minmay_temple_entry_mist,
          nicolae_ossuary_entry_monument, st_stairs_3, nicolae_stop_n_shop_2,
          uniq_pikel
D:8:      layout_basic, gammafunk_temple_overflow_elements, enter_bailey_2,
          blue_anna_alchemist
D:9:      gammafunk_corrupted_shrine, layout_rooms, erik_lair_dragon,
          special_room [special_room_kobold], serial_bayou_pond_d, uniq_psyche
Temple:   compressed_dpeg_triangle_lava_temple

Skill      XL: |  1  2  3  4  5  6  7  8  9 10 |
---------------+-------------------------------+-----
Stealth        | 3 4 5 |  5.0
Spellcasting   | 3 4 |  4.0
Conjurations   | 1 3 4 5 |  5.0
Earth Magic    | 4 5 7 8 9 |  9.3
Transmutations | 2 3 6 |  6.5
Evocations     | 2 4 5 |  5.0
Invocations    | 3 5 |  5.1
Fighting       | 3 4 |  4.5
Dodging        | |  1.7

Action                     |  1- 3 |  4- 6 |  7- 9 | 10-12 || total
---------------------------+-------+-------+-------+-------++-------
  Melee: Dagger            |    12 |     6 |     9 |    15 ||    42
  Throw: Stone             |     1 |     4 |     5 |     5 ||    15
         Dart              |       |     3 |     3 |       ||     6
   Cast: Sandblast         |    32 |    49 |    65 |    24 ||   170
         Passwall          |     7 |     3 |     7 |     1 ||    18
         Stone Arrow       |       |       |    27 |    32 ||    59
 Invoke: Recite            |       |       |       |     1 ||     1
         Vitalisation      |       |       |       |     1 ||     1
    Use: Scroll            |       |     4 |     2 |       ||     6
   Stab: Sleeping          |     9 |     6 |     6 |     1 ||    22
 Armour: Robe              |     2 |     3 |    11 |     6 ||    22
  Dodge: Dodged            |    10 |    14 |    36 |    32 ||    92

Table legend: (Time is in decaauts)
 A = Elapsed time spent in this place.
 B = Non-inter-level travel time spent in this place.
 C = Inter-level travel time spent in this place.
 D = Time resting spent in this place.
 E = Time spent auto-exploring this place.
 F = Levels seen in this place.
 G = Mean time per level.
                   A        B        C        D        E       F      G
               +--------+--------+--------+--------+--------+-----+--------+
         Total |   8132 |   7780 |    352 |   1825 |   3699 |  11 |  739.3 |
       Dungeon |   8022 |   7670 |    352 |   1805 |   3699 |   9 |  891.3 |
        Temple |     10 |     10 |      0 |      0 |      0 |   1 |   10.0 |
        Bailey |     99 |     99 |      0 |     20 |      0 |   1 |   99.0 |
               +--------+--------+--------+--------+--------+-----+--------+

Top non-repeatable levels by time:
     D:8: 1582 daAuts
     D:7: 1436 daAuts
     D:4: 1337 daAuts
     D:1: 1106 daAuts
     D:6: 820 daAuts
     D:2: 709 daAuts
     D:3: 524 daAuts
     D:5: 495 daAuts
  Bailey: 99 daAuts
  Temple: 10 daAuts
     D:9: 9 daAuts
